 Dungeon Crawl Stone Soup version 0.31-a0-1308-ga3cce3a448 (webtiles) character file.

Game seed: 14197376605748394195

406 jlumianski the Ruffian (level 6, -1/47 HPs)
             Began as a Gnoll Shapeshifter on Dec 19, 2023.
             Slain by wally255's ghost (15 damage)
             ... on level 3 of the Dungeon.
             The game lasted 00:10:23 (2954 turns).

jlumianski the Ruffian (Gnoll Shapeshifter)         Turns: 2954, Time: 00:10:24

Health: -1/47      AC:  6    Str: 16    XL:     6   Next: 87%
Magic:  10/10      EV: 12    Int:  9    God:
Gold:   173        SH:  0    Dex: 11    Spells: 9/9 levels left

rFire   . .          .
                       - Unarmed
rCold   + . .        (no shield)
rNeg    . . .        h - +0 ring mail
rPois   .            (helmet currently unavailable)
rElec   .            (cloak currently unavailable)
rCorr   .            (gloves currently unavailable)
SInv    .            (boots currently unavailable)
Will    .....        (no amulet)
Stlth   +            w - ring of protection from cold
HPRegen 0.27/turn    y - ring of wizardry
MPRegen 0.12/turn

%: wizardry (x1)
@: beast-form
A: beast (slay +3), fangs 1, strong nose, distributed training, high MP 1,
shaggy fur 1
a: Begin Untransformation


You were on level 3 of the Dungeon.
You were a hulking beast.
You visited 1 branch of the dungeon, and saw 4 of its levels.

You collected 173 gold pieces.

Inventory:

Hand Weapons
 o - a +3 hand axe
Missiles
 k - 11 poisoned darts (quivered)
Armour
 a - a +0 animal skin
 b - a +1 cloak
 h - a +0 ring mail (worn)
 q - a +0 tower shield
Magical Staves
 p - a staff of poison
Jewellery
 i - an amulet of faith
 w - a ring of protection from cold (left hand)
 y - a ring of wizardry (right hand)
Talismans
 c - a beast talisman
 d - a flux talisman
 z - a maw talisman
Wands
 x - a wand of flame (13)
Scrolls
 f - a scroll of amnesia
 r - 4 scrolls of noise {unknown}
 t - a scroll of vulnerability {unknown}
Potions
 e - a potion of brilliance
 g - 2 potions of curing
 j - a potion of cancellation
 l - a potion of resistance
 m - a potion of invisibility
 n - 2 potions of mutation
 s - a potion of heal wounds {unknown}
 u - a potion of might {unknown}
 v - a potion of attraction {unknown}


   Skills:
 + Level 3.4 Fighting
 + Level 2.2 Short Blades
 + Level 2.2 Long Blades
 + Level 2.2 Axes
 + Level 2.2 Maces & Flails
 + Level 2.2 Polearms
 + Level 2.2 Staves
 + Level 2.2 Ranged Weapons
 + Level 2.2 Throwing
 + Level 2.2 Armour
 + Level 5.1 Dodging
 + Level 2.2 Stealth
 + Level 2.2 Shields
 + Level 6.9 Unarmed Combat
 + Level 2.2 Spellcasting
 + Level 1.7 Conjurations
 + Level 1.7 Hexes
 + Level 1.7 Summonings
 + Level 1.7 Necromancy
 + Level 1.7 Translocations
 + Level 1.7 Transmutations
 + Level 1.7 Fire Magic
 + Level 1.7 Ice Magic
 + Level 1.7 Air Magic
 + Level 1.7 Earth Magic
 + Level 1.7 Poison Magic
 + Level 2.4 Invocations
 + Level 2.2 Evocations
 + Level 6.8 Shapeshifting


You had 9 spell levels left.
You didn't know any spells.
Your spell library contained the following spells:

 Spells                   Type           Power      Damage    Failure   Level
 Poisonous Vapours        Pois/Air       8%         N/A       17%         2
 Mephitic Cloud           Conj/Pois/Air  4%         N/A       32%         3
 Freezing Cloud           Conj/Ice/Air   2%         6-21      96%         5
 Iskenderun's Battlesphe  Conj           4%         2d6       96%         5
 Bombard                  Conj/Erth      2%         9d1       100%        6
 Spellforged Servitor     Conj/Summ      2%         N/A       100%        7


Dungeon Overview and Level Annotations

Branches:
Dungeon (4/15)
 Temple: D:4-7

Altars:

Annotations:
D:3 wally255's ghost, amateur HOFi


Innate Abilities, Weirdness & Mutations

You are a hulking beast.
Your limbs bulge with bestial killing power. (Slay +3)
You have very sharp teeth.
Your uncanny sense of smell can sniff out nearby items.
Your experience applies equally to all skills.
You have an increased reservoir of magic. (+10% MP)
You are covered in fur. (AC +1)


Message History

Natasha screams in pain as she dies!
You now have 173 gold pieces (gained 15).
There is an open door here.
There is an open door here.
There is an open door here.
There is an open door here.
Things that are here:
a +0 robe; a +0 club The adder hisses angrily.
The adder hisses angrily.
Could not explore, unopened runed door.
You open the door.
Wally255's ghost attacks as it pursues you!
Wally255's ghost closely misses you.
You closely miss wally255's ghost. You hit wally255's ghost.
Wally255's ghost is lightly damaged.
Wally255's ghost barely misses you.
You hit wally255's ghost.
Wally255's ghost is lightly damaged.
Wally255's ghost hits you!
You hit wally255's ghost.
Wally255's ghost is moderately damaged.
Wally255's ghost hits you!
You punch wally255's ghost! Your bite misses wally255's ghost.
Wally255's ghost is heavily damaged.
Wally255's ghost barely misses you.
You hit wally255's ghost but do no damage.
Wally255's ghost is heavily damaged.
Wally255's ghost hits you but does no damage.
You hit wally255's ghost.
Wally255's ghost is severely damaged.
You hit wally255's ghost.
Wally255's ghost is severely damaged.
Wally255's ghost hits you!
* * * LOW HITPOINT WARNING * * *
You hit wally255's ghost.
Wally255's ghost is almost destroyed.
Wally255's ghost hits you!
You die...

#.# #.# ######## #.# #......# #.#
#### ## #.####.# ####.## #... .#
#.# #.# #####.....# #.## .# #.#
##.###.........#####.## .# #.#
#...................... .# #.#
#..###h##......#####.#. .#
#.###..###W##......# #.#. .#
#.......##S.......## #.#. .#
#...>...####..####### #... .#
#.###.#.# #..'~~~~$~ ###. .# #.#
#.#.# ##.####### ##. .# #.###.#.#
#......[## ##.. .# #.......##
##.......###<..
.##########....####.........###..


You could see wally255's ghost and an adder.

Vanquished Creatures
  Grinder (D:3)
  Jessica (D:3)
  Natasha (twice) (D:3)
  An orc wizard (D:2)
  3 adders
  2 worms
  5 dart slugs
  6 orcs
  5 ball pythons
  4 endoplasms
  3 giant cockroaches
  5 goblins
  5 hobgoblins
  3 jackals
  2 kobolds
  2 quokkas (D:1)
  6 bats
  A frilled lizard (D:2)
  7 rats
64 creatures vanquished.

Notes
Turn   | Place    | Note
-------+----------+-------------------------------------------
     0 | D:1      | jlumianski the Gnoll Shapeshifter began the quest for the
                  | Orb.
     0 | D:1      | Reached XP level 1. HP: 17/17 MP: 1/1
    46 | D:1      | You fall into a shaft and drop 1 floor!
    58 | D:2      | Reached XP level 2. HP: 15/23 MP: 2/2
   146 | D:2      | Reached XP level 3. HP: 28/28 MP: 3/3
   351 | D:1      | Reached skill level 1 in Invocations
   551 | D:1      | Reached skill level 1 in Short Blades
   551 | D:1      | Reached skill level 1 in Long Blades
   551 | D:1      | Reached skill level 1 in Axes
   551 | D:1      | Reached skill level 1 in Maces & Flails
   551 | D:1      | Reached skill level 1 in Polearms
   551 | D:1      | Reached skill level 1 in Staves
   551 | D:1      | Reached skill level 1 in Ranged Weapons
   551 | D:1      | Reached skill level 1 in Throwing
   551 | D:1      | Reached skill level 1 in Armour
   551 | D:1      | Reached skill level 1 in Stealth
   551 | D:1      | Reached skill level 1 in Shields
   551 | D:1      | Reached skill level 1 in Spellcasting
   551 | D:1      | Reached skill level 1 in Evocations
   939 | D:2      | Reached XP level 4. HP: 34/34 MP: 5/5
  1049 | D:2      | Found a faded altar of an unknown god.
  1171 | D:3      | Found a runed translucent door.
  1178 | D:3      | Noticed wally255's ghost (amateur HOFi)
  1265 | D:3      | Noticed Jessica
  1273 | D:3      | Killed Jessica
  1274 | D:3      | Reached skill level 1 in Conjurations
  1274 | D:3      | Reached skill level 1 in Hexes
  1274 | D:3      | Reached skill level 1 in Summonings
  1274 | D:3      | Reached skill level 1 in Necromancy
  1274 | D:3      | Reached skill level 1 in Translocations
  1274 | D:3      | Reached skill level 1 in Transmutations
  1274 | D:3      | Reached skill level 1 in Fire Magic
  1274 | D:3      | Reached skill level 1 in Ice Magic
  1274 | D:3      | Reached skill level 1 in Air Magic
  1274 | D:3      | Reached skill level 1 in Earth Magic
  1274 | D:3      | Reached skill level 1 in Poison Magic
  1513 | D:3      | Noticed Natasha
  1519 | D:3      | Killed Natasha
  1520 | D:3      | Reached XP level 5. HP: 37/40 MP: 5/7
  1787 | D:2      | Gained mutation: You have an increased reservoir of magic.
                  | (+10% MP) [potion of mutation]
  1787 | D:2      | Gained mutation: You are covered in fur. (AC +1) [potion of
                  | mutation]
  2470 | D:3      | Noticed Grinder
  2497 | D:3      | Killed Grinder
  2498 | D:3      | Reached skill level 5 in Dodging
  2498 | D:3      | Reached XP level 6. HP: 14/47 MP: 8/10
  2626 | D:3      | Noticed Natasha
  2633 | D:3      | Killed Natasha
  2954 | D:3      | Slain by wally255's ghost

Illustrated notes

Levels and vault maps discovered:
D:1:      roadster_arrival_rocket_small, layout_basic
D:2:      layout_loops_cross, shapermc_ecumenical_altar_mp_ritualfount
D:3:      layout_loops_corners, ebering_ghost_sewer_d, uniq_natasha,
          uniq_grinder, uniq_jessica
D:4:      cheibrodos_greedy_goblins, layout_rooms, kennysheep_crisscross,
          nicolae_goblin_pals, uniq_ijyb

Skill      XL: |  1  2  3  4  5 |
---------------+----------------+-----
Invocations    | 1 2 |  2.4
Short Blades   | 1 2 |  2.2
Long Blades    | 1 2 |  2.2
Axes           | 1 2 |  2.2
Maces & Flails | 1 2 |  2.2
Polearms       | 1 2 |  2.2
Staves         | 1 2 |  2.2
Ranged Weapons | 1 2 |  2.2
Throwing       | 1 2 |  2.2
Armour         | 1 2 |  2.2
Stealth        | 1 2 |  2.2
Shields        | 1 2 |  2.2
Spellcasting   | 1 2 |  2.2
Evocations     | 1 2 |  2.2
Conjurations   | 1 |  1.7
Hexes          | 1 |  1.7
Summonings     | 1 |  1.7
Necromancy     | 1 |  1.7
Translocations | 1 |  1.7
Transmutations | 1 |  1.7
Fire Magic     | 1 |  1.7
Ice Magic      | 1 |  1.7
Air Magic      | 1 |  1.7
Earth Magic    | 1 |  1.7
Poison Magic   | 1 |  1.7
Fighting       | 3 |  3.4
Dodging        | 5 |  5.1
Unarmed Combat | |  6.9
Shapeshifting  | |  6.8

Action                     |  1- 3 |  4- 6 || total
---------------------------+-------+-------++-------
  Melee: Unarmed           |    58 |    86 ||   144
         Punch             |     1 |     5 ||     6
         Bite              |     3 |     5 ||     8
    Use: Potion            |     1 |     3 ||     4
         Scroll            |       |     4 ||     4
 Armour: Animal skin       |     4 |       ||     4
         Ring mail         |    16 |    45 ||    61
         Skin              |       |     5 ||     5
  Dodge: Dodged            |    31 |    49 ||    80

Table legend: (Time is in decaauts)
 A = Elapsed time spent in this place.
 B = Non-inter-level travel time spent in this place.
 C = Inter-level travel time spent in this place.
 D = Time resting spent in this place.
 E = Time spent auto-exploring this place.
 F = Levels seen in this place.
 G = Mean time per level.
                   A        B        C        D        E       F      G
               +--------+--------+--------+--------+--------+-----+--------+
         Total |   2946 |   2886 |     60 |    228 |   1474 |   4 |  736.5 |
       Dungeon |   2946 |   2886 |     60 |    228 |   1474 |   4 |  736.5 |
               +--------+--------+--------+--------+--------+-----+--------+

Top non-repeatable levels by time:
     D:3: 1084 daAuts
     D:2: 940 daAuts
     D:1: 764 daAuts
     D:4: 156 daAuts
